 Dungeon Crawl Stone Soup version 0.18-a0-1267-gff090c1 (webtiles) character file.

1214 Arkorax the Spear-Bearer (level 8, -5/53 HPs)
             Began as a Tengu Skald on Feb 7, 2016.
             Slain by Menkaure (9 damage)
             ... on level 5 of the Dungeon.
             The game lasted 00:07:58 (6904 turns).

Arkorax the Spear-Bearer (Tengu Skald)              Turns: 6904, Time: 00:07:58

Health: -5/53      AC:  1    Str: 15    XL:     8   Next: 46%
Magic:  12/12      EV: 12    Int: 12    God:
Gold:   63         SH:  0    Dex: 19    Spells: 1 memorised, 10 levels left

rFire  . . .     SeeInvis .     y - +2 trident (flame)
rCold  . . .     Gourm    .     d - +2 leather armour "Ximojydo" {*Corrode rPois Dex+5}
rNeg   . . .     Faith    .     (no shield)
rPois  +         Spirit   .     (helmet restricted)
rElec  .         Dismiss  .     (no cloak)
rCorr  .         Reflect  .     (no gloves)
SustAt .         Harm     .     (boots unavailable)
MR     .....                    (no amulet)
Stlth  +.........               (no ring)
                                (no ring)

@: confused, corroded equipment, not resistant to hostile enchantments, very
unstealthy
A: beak, talons 3, able to fly 1
a: Fly


You were on level 5 of the Dungeon.
You were not hungry.

You visited 1 branch of the dungeon, and saw 5 of its levels.

You collected 252 gold pieces.
You spent 189 gold pieces at shops.

Inventory:

Hand Weapons
 a - a +0 spear
 k - a +1 dagger of electrocution
 n - a +0 halberd of freezing
 y - a +2 trident of flaming (weapon)
Missiles
 m - 202 stones (quivered)
Armour
 d - the +2 leather armour "Ximojydo" (worn) {*Corrode rPois Dex+5}
   (You bought it in a shop on level 5 of the Dungeon)

   It affects your dexterity (+5).
   It protects you from poison.
   It may corrode your equipment when you take damage.
 t - a +0 ring mail
Wands
 l - a wand of digging (12/24)
 v - a wand of lightning (7/15)
 x - a wand of teleportation (5/9)
 C - a wand of flame (31/48)
Scrolls
 e - 2 scrolls of recharging {unknown}
 f - 2 scrolls of random uselessness {unknown}
 g - 7 scrolls of identify {unknown}
 h - a scroll of blinking {unknown}
 r - a scroll of fog {unknown}
 s - 4 scrolls of fear {unknown}
 w - 3 scrolls of remove curse {unknown}
 z - a scroll of magic mapping {unknown}
 A - a scroll of enchant weapon {unknown}
Potions
 o - a potion of cancellation {unknown}
 p - 2 potions of lignification {unknown}
 q - 2 potions of might {unknown}
 B - a potion of invisibility
 D - a potion of heal wounds {unknown}
Books
 c - a book of Battle

   Spells                             Type                      Level
   a - Infusion                       Charms                       1
   b - Shroud of Golubria             Charms/Translocation         2
   c - Song of Slaying                Charms                       2
   d - Spectral Weapon                Hexes/Charms                 3
   e - Regeneration                   Charms/Necromancy            3
 j - a book of Maledictions

   Spells                             Type                      Level
   a - Corona                         Hexes                        1
   b - Ensorcelled Hibernation        Hexes/Ice                    2
   c - Confuse                        Hexes                        3
   d - Tukima's Dance                 Hexes                        3
   e - Dazzling Spray                 Conjuration/Hexes            3
Comestibles
 i - a beef jerky
 u - a meat ration
 E - 7 fruits


   Skills:
 + Level 7.2 Fighting
 + Level 8.0 Polearms
 - Level 1.1 Armour
 - Level 1.1 Dodging
 - Level 2.0 Spellcasting
 - Level 2.4 Charms


You had 10 spell levels left.
You knew the following spells:

 Your Spells              Type           Power        Failure   Level  Hunger
a - Infusion              Chrm           #...         14%         1    ##.....


Dungeon Overview and Level Annotations

Branches:
Dungeon (5/15)
 Temple: D:4-7

Altars:
Fedhas
Makhleb
Qazlal
Zin

Shops:
D:5 [

Annotations:
D:5 Menkaure


Innate Abilities, Weirdness & Mutations

You have a beak for a mouth.
You have claws for feet.
You can fly.


Message History

Drink which item? (? for menu, Esc to quit)
You are confused.
You feel invigorated.
Menkaure murmurs, "From dust you came, to dust you will return."
Menkaure hits you.
* * * LOW HITPOINT WARNING * * *
Menkaure hits you but does no damage.
You barely miss Menkaure. Your kick misses Menkaure. You peck Menkaure.
Menkaure is moderately damaged.
Menkaure closely misses you.
You hit Menkaure. You burn Menkaure. You peck Menkaure.
Menkaure is heavily damaged.
Menkaure hits you. Menkaure hits you!!
* * * LOW HITPOINT WARNING * * *
Your corrosive artefact corrodes you!
You hit Menkaure. You burn Menkaure. You claw Menkaure, but do no damage.
Menkaure is severely damaged.
Menkaure hits you!
You die...

....................
#..##...####.#.#.##.
#.......# #.#.#.# #
#..##...####.#.#.##.
...................
.........###.#.#.#
.................#
##.#####.###.#...#
##.#
#[........@##.#...
...#
##.###.#...M......
##.#
#...####.###.#..#
##.#####...####.# #
.................
########...####.##
#...# #.# #...# #.#
#...# #.#


You could see Menkaure.

Vanquished Creatures
  Pikel (D:3)
  Sigmund (D:3)
  A slave (D:4)
  A phantom (D:4)
  A crimson imp (D:5)
  A hound (D:4)
  An orc wizard (D:3)
  2 iguanas (D:4)
  Natasha (thrice) (D:3)
  A worker ant (D:4)
  2 hound skeletons
  4 gnolls (D:2)
  8 adders
  2 oozes (D:2)
  6 worms
  3 giant geckos
  7 orcs (D:3)
  2 ball pythons
  7 bats
  3 giant cockroaches
  7 goblins
  14 hobgoblins
  8 jackals
  12 kobolds
  2 quokkas
  8 giant newts
  9 rats
117 creatures vanquished.

Vanquished Creatures (others)
  An orc wizard (D:3)
1 creature vanquished.

Grand Total: 118 creatures vanquished

Notes
Turn   | Place    | Note
--------------------------------------------------------------
     0 | D:1      | Arkorax the Tengu Skald began the quest for the Orb.
     0 | D:1      | Reached XP level 1. HP: 12/12 MP: 4/4
   131 | D:1      | Reached XP level 2. HP: 9/17 MP: 6/6
   602 | D:1      | Reached skill level 3 in Polearms
   838 | D:1      | Reached XP level 3. HP: 22/22 MP: 7/7
  1754 | D:2      | Reached XP level 4. HP: 21/28 MP: 4/8
  2127 | D:2      | Reached skill level 4 in Polearms
  2366 | D:2      | Found a stormy altar of Qazlal.
  2366 | D:2      | Found a glowing silver altar of Zin.
  2369 | D:2      | Found a burning altar of Makhleb.
  2739 | D:2      | Gained mutation: You can fly. [Tengu growth]
  2739 | D:2      | Reached XP level 5. HP: 31/33 MP: 9/9
  2993 | D:3      | Noticed Natasha
  3000 | D:3      | Killed Natasha
  3030 | D:3      | Reached skill level 5 in Polearms
  3450 | D:3      | Noticed Natasha
  3459 | D:3      | Killed Natasha
  3459 | D:3      | Reached XP level 6. HP: 32/39 MP: 10/10
  3515 | D:3      | Found a blossoming altar of Fedhas.
  3939 | D:3      | Noticed Sigmund
  3949 | D:3      | Killed Sigmund
  3949 | D:3      | Reached skill level 5 in Fighting
  4285 | D:3      | Noticed Natasha
  4289 | D:3      | Killed Natasha
  4289 | D:3      | Reached XP level 7. HP: 44/44 MP: 11/11
  4566 | D:3      | Reached skill level 6 in Polearms
  5890 | D:4      | Noticed Pikel
  6468 | D:3      | Killed Pikel
  6468 | D:3      | Reached skill level 7 in Fighting
  6468 | D:3      | Reached XP level 8. HP: 13/53 MP: 12/12
  6815 | D:5      | Entered Level 5 of the Dungeon
  6815 | D:5      | Found Xieng's Antique Armour Emporium.
  6820 | D:5      | Bought a faintly humming leather armour for 189 gold pieces
  6830 | D:5      | Identified the +2 leather armour "Ximojydo" {*Corrode rPois Dex+5} (You bought it in a shop on level 5 of the Dungeon)
  6846 | D:5      | Reached skill level 8 in Polearms
  6889 | D:5      | Noticed Menkaure
  6903 | D:5      | HP: 1/53 [Menkaure (19)]
  6904 | D:5      | Slain by Menkaure

Vault maps used:
D:1:      dpeg_arrival_lava_temple_mockup, hangedman_decor_growths
D:2:      minitemple, first_bread, minmay_misc_feat_tower, st_stairs_12
D:3:      old_standard_altar, mrwooster_statue_mirror, st_stairs_5,
          uniq_natasha, uniq_sigmund
D:4:      minivault_4, st_stairs_3, uniq_pikel
D:5:      serial_shops, shop, uniq_menkaure

Action                   |  1- 3 |  4- 6 |  7- 9 || total
-------------------------+-------+-------+-------++-------
Melee: Spear             |   119 |       |       ||   119
       Dagger            |     4 |       |       ||     4
       Halberd           |       |   164 |   121 ||   285
       Trident           |       |       |    25 ||    25
Throw: Stone             |     2 |       |     5 ||     7
 Cast: Infusion          |     2 |     2 |       ||     4
 Abil: Fly               |       |       |     2 ||     2
  Use: Potion            |       |     5 |     4 ||     9
 Stab: Sleeping          |     1 |     1 |       ||     2
       Invisible         |       |     1 |       ||     1
  Eat: Bread ration      |     1 |     1 |     2 ||     4
       Chunk             |       |     2 |     1 ||     3
